 Dungeon Crawl Stone Soup version 0.31.0-11-ge490571c62 (webtiles) character file.

Game seed: 9089804342158272243

3616 Curundu the Cleaver (level 9, -5/123 HPs)
             Began as a Minotaur Berserker on Jan 29, 2024.
             Was an Elder of Trog.
             Slain by a red ugly thing (19 damage)
             ... on level 7 of the Dungeon.
             The game lasted 00:21:39 (7732 turns).

Curundu the Cleaver (Minotaur Berserker)            Turns: 7732, Time: 00:21:43

Health: -5/123     AC: 15    Str: 26    XL:     9   Next: 86%
Magic:  8/8        EV: 10    Int:  4    God:    Trog [****..]
Gold:   367        SH:  0    Dex: 10    Spells: 8/8 levels left

rFire   . . .        a - +0 hand axe
rCold   . . .        (no shield)
rNeg    . . .        l - +0 chain mail
rPois   .            c - +1 hat {Will+}
rElec   .            s - +0 cloak
rCorr   .            (no gloves)
SInv    .            n - +0 pair of boots
Will    +++..        (no amulet) Stlth
                     (no ring)
HPRegen 1.40/turn    (no ring)
MPRegen 0.11/turn

%: no passive effects
@: berserking, strong-willed, regenerating, very quick
A: horns 2, retaliatory headbutt
a: Renounce Religion, Berserk, Trog's Hand, Brothers in Arms


You were on level 7 of the Dungeon.
You worshipped Trog.
Trog was greatly pleased with you.
You visited 2 branches of the dungeon, and saw 8 of its levels.
You also visited: Sewer.

You collected 367 gold pieces.

Inventory:

Hand Weapons
 a - a +0 hand axe (weapon)
Missiles
 u - 3 boomerangs (quivered)
Armour
 c - a +1 hat of willpower (worn)
 l - a +0 chain mail (worn)
 n - a +0 pair of boots (worn)
 s - a +0 cloak (worn)
Jewellery
 j - a ring of magical power
Wands
 b - a wand of quicksilver (23)
 h - a wand of mindburst (13)
 i - a wand of charming (7)
Scrolls
 o - a scroll of brand weapon {unknown}
 q - a scroll of identify
 r - 2 scrolls of immolation
Potions
 d - 4 potions of haste
 e - 4 potions of enlightenment
 f - 3 potions of might
 g - 2 potions of invisibility
 k - 2 potions of heal wounds
 m - a potion of berserk rage
 p - 2 potions of curing
 t - a potion of lignification {unknown}


   Skills:
 + Level 8.6 Fighting
 + Level 10.6 Axes
 + Level 10.5 Armour
 + Level 4.5 Dodging
 + Level 1.1 Stealth


You had 8 spell levels left.
You didn't know any spells.
Your spell library was empty.

Dungeon Overview and Level Annotations

Branches:
Dungeon (7/15)             Temple (1/1) D:6           Sewer (visited)

Altars:
Cheibriados
Dithmenos
Elyvilon
Fedhas
Gozag
Hepliaklqana
Kikubaaqudgha
Makhleb
Nemelex Xobeh
Okawaru
Qazlal
Ru
Trog
Wu Jian
Xom
Yredelemnul
Zin
The Shining One


Innate Abilities, Weirdness & Mutations

You have a pair of horns on your head.
You reflexively headbutt those who attack you in melee.


Message History

The brown ugly thing bites you but does no damage.
You hit the brown ugly thing.
Your headbutt misses the brown ugly thing.
The brown ugly thing is moderately wounded.
You closely miss the brown ugly thing.
The brown ugly thing is moderately wounded.
The brown ugly thing basks in the mutagenic energy from its kin and changes!
You hit the red ugly thing.
The red ugly thing is moderately wounded.
You hit the red ugly thing but do no damage.
Your headbutt misses the red ugly thing.
The red ugly thing is moderately wounded.
You hit the red ugly thing but do no damage.
The red ugly thing is moderately wounded.
The red ugly thing pecks you!
You are engulfed in flames!
You hit the red ugly thing.
The red ugly thing is moderately wounded.
The red ugly thing pecks you but does no damage.
You hit the red ugly thing.
The red ugly thing is heavily wounded.
You hit the red ugly thing.
The red ugly thing is heavily wounded.
The red ugly thing pecks you.
You are engulfed in flames!!
You closely miss the red ugly thing.
The red ugly thing is heavily wounded.
The red ugly thing closely misses you.
Your skin crawls.
You feel strong-willed. The red ugly thing pecks you.
You are engulfed in flames!!
* * * LOW HITPOINT WARNING * * *
A red film seems to cover your vision as you go berserk!
You feel yourself moving faster!
You feel mighty!
The red ugly thing completely misses you.
You slash the red ugly thing!
Your headbutt misses the red ugly thing.
The red ugly thing is severely wounded.
The red ugly thing pecks you.
* * * LOW HITPOINT WARNING * * *
You are engulfed in flames!!
You die...

.....#..#...##.....##.#..##...##.
.....##....##.#####.###...#8#.#..
.....##...##.## ##.#....#...#..
..........#.## ##.....##.##..
..........#.# #......#.#...
............# #..#...#.#...
..........#.#W #..##.......#
......##..#.##u### ##.####.....##
.....##...##.##u@###.###...))###.
......#....##.###.#.###.....##...
.....#......##..##.###..#.#..##..
..<..##......###.####..##.##..##.
...................#..#.....#..#.
...................#.##.....##.#.
.......#........>................
...................#.##.....##.#.
.....####..........#..#.....#..#.


You could see 2 ugly things and a wraith.

Vanquished Creatures
  3 yaks (D:6)
  Menkaure (D:5)
  2 water moccasins
  2 black bears (D:5)
  2 sky beasts (D:7)
  An orc warrior (D:6)
  2 ogres
  3 centaurs (D:6)
  2 phantoms
  2 kobold brigands
  A bullfrog (D:6)
  4 scorpions
  A gnoll sergeant (D:7)
  5 wights (D:6)
  A killer bee (D:7)
  2 bombardier beetles
  A howler monkey (D:6)
  3 hounds (D:7)
  A jelly (D:4)
  5 orc priests
  Crazy Yiuf (D:5)
  6 orc wizards
  2 sleepcaps (D:7)
  4 iguanas
  4 gnolls
  10 adders
  3 shadow imps
  3 white imps
  4 ufetubi (D:6)
  4 dart slugs
  4 ribbon worms
  27 orcs
  4 bats
  6 endoplasms
  8 giant cockroaches
  6 hobgoblins
  7 jackals
  11 kobolds
  5 quokkas
  10 ball pythons
  3 frilled lizards
  6 goblins
  10 rats
192 creatures vanquished.

Notes
Turn   | Place    | Note
-------+----------+-------------------------------------------
     0 | D:1      | Curundu the Minotaur Berserker began the quest for the Orb.
     0 | D:1      | Reached XP level 1. HP: 19/19 MP: 0/0
    95 | D:1      | Reached XP level 2. HP: 8/27 MP: 1/1
   390 | D:1      | Reached ** piety under Trog
   491 | D:1      | Reached XP level 3. HP: 31/33 MP: 2/2
   956 | D:2      | Found a faded altar of an unknown god.
  1055 | D:2      | Reached XP level 4. HP: 39/41 MP: 3/3
  1368 | D:3      | Identified a scroll of acquirement
  1368 | D:3      | Acquired a +1 hat of willpower
  1439 | D:3      | Found an opulent altar of Gozag.
  1440 | D:3      | Found a snail-covered altar of Cheibriados.
  1441 | D:3      | Found a bloodstained altar of Trog.
  1478 | D:3      | Found a stormy altar of Qazlal.
  1495 | D:3      | Identified the +0 robe of Unreason {Dex+2 Stlth+}
  1515 | D:3      | Found a blossoming altar of Fedhas.
  1675 | D:3      | Reached skill level 5 in Axes
  2051 | D:3      | Reached *** piety under Trog
  2359 | D:4      | Reached XP level 5. HP: 32/47 MP: 4/4
  2659 | D:4      | Reached skill level 5 in Fighting
  2665 | D:4      | Reached XP level 6. HP: 39/56 MP: 5/5
  3316 | D:5      | Entered Level 5 of the Dungeon
  3325 | D:5      | Reached XP level 7. HP: 52/62 MP: 6/6
  3410 | D:5      | Found a glowing drain.
  3429 | Sewer    | Entered a sewer
  3432 | Sewer    | Reached **** piety under Trog
  3518 | Sewer    | Reached skill level 5 in Armour
  3636 | Sewer    | Found a white marble altar of Elyvilon.
  4022 | D:5      | Noticed Menkaure
  4036 | D:5      | Killed Menkaure
  4342 | D:5      | Reached XP level 8. HP: 46/71 MP: 7/7
  4726 | D:5      | Found a runed translucent door.
  4727 | D:5      | Noticed Crazy Yiuf
  4733 | D:5      | Killed Crazy Yiuf
  5102 | D:6      | Found a staircase to the Ecumenical Temple.
  5233 | D:6      | Found an ancient bone altar of Kikubaaqudgha.
  5555 | D:6      | Found a white marble altar of Elyvilon.
  6003 | D:6      | Reached XP level 9. HP: 47/76 MP: 8/8
  6104 | D:6      | Found a sparkling altar of Nemelex Xobeh.
  6566 | Temple   | Entered the Ecumenical Temple
  6663 | D:6      | Reached skill level 1 in Stealth
  6664 | D:6      | Reached skill level 10 in Axes
  7148 | D:7      | Reached skill level 10 in Armour
  7366 | D:7      | Found an ornate altar of the Wu Jian Council.
  7369 | D:7      | Found a basalt altar of Yredelemnul.
  7401 | D:7      | Found a shadowy altar of Dithmenos.
  7716 | D:7      | Noticed a brown ugly thing
  7717 | D:7      | Noticed a red ugly thing
  7732 | D:7      | Slain by a red ugly thing

Illustrated notes

Levels and vault maps discovered:
D:1:      dpeg_arrival_more_subterranean_lakeside_camping, layout_rooms,
          minmay_misc_feat_diagonals
D:2:      layout_loops_ring, hellmonk_ecumenical_altar_crossroads
D:3:      layout_loops_ring, nicolae_qazlal_general_emergency,
          mainiacjoe_overflow_catwalk, minitemple, grunt_decor_fettered,
          minmay_between
D:4:      layout_basic, st_stairs_6
D:5:      black_bear_nest_1, layout_gridville, gup_sewer_entry_pipe,
          uniq_crazy_yiuf_cottage, uniq_menkaure
D:6:      layout_layer_cave, elyvilon_altar_4, mainiacjoe_overflow_boulevard,
          nemelex_dance_club_becter, minmay_temple_entry_wispy
D:7:      minmay_the_grid_octo_triangle [minmay_the_grid_octo_vomiting_pacman,
          minmay_the_grid_octo_prize_single_spiral, minmay_the_grid_octo_horde],
          layout_cave_pools, nicolae_dithmenos_shadow_blocks,
          nicolae_overflow_hidden_temple
Temple:   nicolae_temple_bog_church

Skill      XL: |  1  2  3  4  5  6  7  8  9 |
---------------+----------------------------+-----
Axes           | 4 5 6 8 9 10 | 10.6
Fighting       | 4 5 6 7 8 |  8.6
Armour         | 3 4 6 8 10 | 10.5
Dodging        | 3 4 |  4.5
Stealth        | 1 |  1.1

Action                     |  1- 3 |  4- 6 |  7- 9 || total
---------------------------+-------+-------+-------++-------
  Melee: Hand axe          |    70 |   155 |   335 ||   560
         Headbutt          |     9 |    29 |    59 ||    97
         Punch             |       |       |     4 ||     4
 Invoke: Trog's Hand       |       |     2 |     9 ||    11
         Berserk           |       |     1 |     5 ||     6
    Use: Scroll            |       |    10 |     4 ||    14
 Armour: Animal skin       |    35 |       |       ||    35
         Ring mail         |    11 |    24 |       ||    35
         Skin              |     1 |       |       ||     1
         Chain mail        |       |   121 |   308 ||   429
  Dodge: Dodged            |    75 |    91 |   205 ||   371
